 Dungeon Crawl Stone Soup version 0.20-a0-556-g892c87b (webtiles) character file.

31745 nikopol the Cleaver (level 13, -20/123 HPs)
             Began as a Gargoyle Berserker on Feb 3, 2017.
             Was a High Priest of Trog.
             Demolished by kroki's ghost (22 damage)
             ... on level 4 of the Lair of Beasts on Feb 5, 2017.
             The game lasted 00:38:19 (13141 turns).

nikopol the Cleaver (Gargoyle Berserker)           Turns: 13141, Time: 00:38:21

Health: -20/123    AC: 32    Str: 27    XL:     13   Next: 60%
Magic:  0/13       EV: 11    Int: 10    God:    Trog [*****.]
Gold:   645        SH: 13    Dex: 11    Spells: 12/12 levels left

rFire    + + .     SeeInvis .   a - +1 broad axe (flame)
rCold    . . .     Gourm    +   R - +1 chain mail {rF+}
rNeg     + . .     Faith    .   J - +0 shield
rPois    ∞         Spirit   .   q - +1 hat
rElec    +         Reflect  .   U - +2 cloak
rCorr    .         Harm     .   w - +1 pair of gloves
MR       .....                  y - +2 pair of boots
Stlth    ..........             d - amulet of the gourmand
Regen    0.3/turn               A - +3 ring of slaying
                                v - ring of protection from fire

@: berserking (expiring), very quick
A: negative energy resistance 1, electricity resistance, unbreathing,
petrification resistance, rot immunity, AC +9
a: Berserk, Trog's Hand, Brothers in Arms, Burn Spellbooks, Renounce Religion


You were on level 4 of the Lair of Beasts.
You worshipped Trog.
Trog was extremely pleased with you.
You were very full.

You visited 2 branches of the dungeon, and saw 14 of its levels.
You also visited: Volcano.

You collected 757 gold pieces.
You spent 112 gold pieces at shops.

Inventory:

Hand Weapons
 a - a +1 broad axe of flaming (weapon)
 u - a +2 hand axe of electrocution
 C - a +0 shortbow
 N - a +2 battleaxe of flaming
Missiles
 j - 240 arrows (quivered)
Armour
 q - a +1 hat (worn)
 w - a +1 pair of gloves (worn)
 y - a +2 pair of boots (worn)
 B - a +0 chain mail
 J - a +0 shield (worn)
 K - a +0 chain mail of fire resistance
 M - a +2 ring mail of fire resistance
 R - a +1 chain mail of fire resistance (worn)
 S - a +0 large shield
 U - a +2 cloak (worn)
Jewellery
 d - an amulet of the gourmand (around neck)
 v - a ring of protection from fire (left hand)
 A - a +3 ring of slaying (right hand)
 D - an uncursed amulet of regeneration
Wands
 b - a wand of polymorph (14/24)
 T - a wand of digging (23/24)
Scrolls
 e - 2 scrolls of fear
 i - 6 scrolls of enchant armour
 o - 4 scrolls of teleportation
 t - 2 scrolls of remove curse
 x - 2 scrolls of immolation
 E - a scroll of amnesia
 F - 2 scrolls of blinking
 H - a scroll of noise
 I - 3 scrolls of enchant weapon
Potions
 f - 5 potions of haste
 g - a potion of might {unknown}
 h - 5 potions of heal wounds
 n - 2 potions of invisibility {unknown}
 p - 2 potions of agility
 r - a potion of lignification {unknown}
 s - 6 potions of curing
 z - a potion of ambrosia {unknown}
 G - 2 potions of resistance {unknown}
 L - 2 potions of cure mutation {unknown}
 O - a potion of mutation {unknown}
 P - a potion of experience {unknown}
 Q - 3 potions of brilliance {unknown}
 W - a potion of degeneration {unknown}
 X - 2 potions of flight
Comestibles
 c - 9 bread rations
 k - 5 meat rations
 l - 2 chunks of flesh
 m - 5 royal jellies
 V - 11 fruits


   Skills:
 + Level 10.0 Fighting
 * Level 11.5 Axes
 + Level 7.1 Bows
 + Level 9.9 Armour
 + Level 7.4 Dodging
 * Level 11.1 Shields


You had 12 spell levels left.
You didn't know any spells.

Dungeon Overview and Level Annotations

Branches:
Dungeon (10/15)            Temple (0/1) D:4            Lair (4/6) D:9
 Shoals (0/4) Lair:2          Orc (0/2) D:10
  Snake: Lair:2-4    Spider: Lair:2-4

Altars:
Nemelex Xobeh
Qazlal
Sif Muna
Trog
Zin
The Shining One

Shops:
D:6 ?

Portals:
Trove: D:10 (give 9 potions of agility)

Annotations:
D:8 100P's ghost, novice DsWz
Lair:4 kroki's ghost, journeyman DrBe


Innate Abilities, Weirdness & Mutations

You are resistant to torment.
Your stone body is resilient. (AC +9)
You are immune to poison.
You resist negative energy. (rN+)
You are resistant to electric shocks. (rElec)
You can survive without breathing.
You are immune to petrification.
You are immune to rotting.


Message History

You closely miss kroki's ghost.
Kroki's ghost is moderately damaged.
Kroki's ghost misses you.
You miss kroki's ghost.
Kroki's ghost is moderately damaged.
You closely miss kroki's ghost.
Kroki's ghost is moderately damaged.
Kroki's ghost hits you!
* * * LOW HITPOINT WARNING * * *
You feel your power leaking away.
Your shield and chain mail prevent you from hitting kroki's ghost.
Kroki's ghost is moderately damaged.
Kroki's ghost hits you!!
* * * LOW HITPOINT WARNING * * *
You slash kroki's ghost! You burn kroki's ghost.
Kroki's ghost is heavily damaged.
You slice kroki's ghost!!
Kroki's ghost is heavily damaged.
Kroki's ghost hits you!!
You die...

## ######.#.
.#.###.#.### ..........
..........
#.....P...###........
#.....###..#P....... #
#.....##....PP..... .##.
.......#..........#.....
#.....##...##...........
......##....#...@W......
.......#........$.P....#
#...^.##...#.........###
<........####...........
.......#.##.............
........................
........................
........................
.......................


You could see kroki's ghost.

Vanquished Creatures
  Gastronok (Lair:1)
  A red draconian (Volcano)
  Josephine (D:10)
  An ogre mage (Volcano)
  The ghost of kae the Carver, a journeyman MiFi of Okawaru (D:10)
  Erolcha (D:9)
  A hydra (Lair:2)
  A catoblepas (Lair:2)
  5 two-headed ogres
  6 death yaks
  Maurice (D:10)
  A torpor snail (Lair:4)
  A black mamba (Lair:2)
  Joseph (Lair:1)
  4 spiny frogs
  3 komodo dragons
  The ghost of anet the Magician, a novice DEWz (D:4)
  Grinder (D:5)
  2 hippogriffs
  3 wraiths (D:10)
  A wyvern (D:9)
  A basilisk (Lair:2)
  37 yaks
  2 hungry ghosts (D:8)
  Menkaure (D:5)
  8 water moccasins
  9 porcupines
  8 orc warriors
  4 black bears
  2 necrophages
  An ice beast (D:5)
  4 ogres
  5 wolves (Lair:2)
  4 centaurs
  5 crocodiles
  A big kobold (D:9)
  Blork the orc (D:5)
  8 bullfrogs
  2 gnoll sergeants (D:5)
  A wyvern zombie (D:9)
  2 scorpions
  8 killer bees
  3 wights
  An electric eel (Lair:1)
  6 howler monkeys
  3 crimson imps
  5 hounds
  A jelly (D:10)
  3 bullfrog zombies
  10 orc priests
  A bullfrog skeleton (D:7)
  A gnoll shaman (D:9)
  9 orc wizards
  2 iguanas
  5 worker ants
  2 hound skeletons
  12 gnolls
  A howler monkey skeleton (D:7)
  11 adders
  A shadow imp (D:10)
  4 oozes
  An adder skeleton (D:8)
  A worm (D:2)
  7 dart slugs
  9 leopard geckos
  37 orcs
  3 giant cockroaches
  6 goblins
  2 hobgoblins
  19 jackals
  5 quokkas
  A ball python (D:3)
  8 bats
  A frilled lizard (D:3)
  A jackal skeleton (D:4)
  12 kobolds
  2 leopard gecko skeletons (D:5)
  A quokka skeleton (D:6)
  11 rats
  A fungus (Lair:1)
361 creatures vanquished.

Vanquished Creatures (collateral kills)
  3 yaks (D:9)
  An orc (D:9)
4 creatures vanquished.

Vanquished Creatures (others)
  A hobgoblin (D:2)
  A fungus (Lair:3)
2 creatures vanquished.

Grand Total: 367 creatures vanquished

Notes
Turn   | Place    | Note
-------+----------+-------------------------------------------
     0 | D:1      | nikopol the Gargoyle Berserker began the quest for the Orb.
     0 | D:1      | Reached XP level 1. HP: 14/14 MP: 1/1
    47 | D:1      | Reached XP level 2. HP: 16/19 MP: 2/2
   446 | D:1      | Reached XP level 3. HP: 19/24 MP: 3/3
   950 | D:2      | Reached XP level 4. HP: 29/29 MP: 4/4
  1143 | D:2      | Found a deep blue altar of Sif Muna.
  1223 | D:2      | Reached ** piety under Trog
  1226 | D:2      | Reached XP level 5. HP: 19/33 MP: 5/5
  2747 | D:3      | Found a glowing golden altar of the Shining One.
  2888 | D:4      | Reached XP level 6. HP: 31/39 MP: 6/6
  3071 | D:4      | Noticed anet's ghost (novice DEWz)
  3080 | D:4      | Killed anet's ghost
  3080 | D:4      | Reached skill level 5 in Fighting
  3080 | D:4      | Reached XP level 7. HP: 44/44 MP: 7/7
  3327 | D:4      | Reached *** piety under Trog
  3431 | D:4      | Reached skill level 5 in Axes
  3586 | D:4      | Found a staircase to the Ecumenical Temple.
  3900 | D:5      | Entered Level 5 of the Dungeon
  3900 | D:5      | Found a stormy altar of Qazlal.
  3931 | D:5      | Reached skill level 5 in Armour
  4045 | D:5      | Reached XP level 8. HP: 43/50 MP: 8/8
  4275 | D:5      | Noticed Menkaure
  4285 | D:5      | Killed Menkaure
  4407 | D:5      | Noticed Blork the orc
  4417 | D:5      | Killed Blork the orc
  4768 | D:5      | Upgraded the game from 0.20-a0-553-g9f38e11 to 0.20-a0-556-g892c87b
  4871 | D:5      | Noticed Grinder
  4874 | D:5      | Paralysed by Grinder for 3 turns
  4880 | D:5      | Killed Grinder
  4880 | D:5      | Reached skill level 1 in Shields
  4880 | D:5      | Reached XP level 9. HP: 56/56 MP: 9/9
  4896 | D:5      | Reached skill level 1 in Bows
  5038 | D:6      | Found Haodgheh's Magic Scroll Shoppe.
  5059 | D:6      | Bought a scroll of enchant weapon for 112 gold pieces
  5159 | D:6      | Reached **** piety under Trog
  5760 | D:7      | Found a bloodstained altar of Trog.
  6379 | D:8      | Reached skill level 5 in Dodging
  6379 | D:8      | Reached XP level 10. HP: 63/63 MP: 10/10
  6486 | D:8      | Reached skill level 5 in Shields
  6531 | D:8      | Found a glowing silver altar of Zin.
  6532 | D:8      | Found a sparkling altar of Nemelex Xobeh.
  6717 | D:8      | Noticed a two-headed ogre
  6728 | D:8      | Killed a two-headed ogre
  6921 | D:8      | Noticed 100P's ghost (novice DsWz)
  6945 | D:8      | Reached ***** piety under Trog
  7171 | D:9      | Noticed Erolcha
  7184 | D:9      | Killed Erolcha
  7262 | D:9      | Received a gift from Trog
  7663 | D:9      | Noticed a death yak
  7664 | D:9      | Found a staircase to the Lair.
  7665 | D:9      | Noticed a death yak
  7666 | D:9      | Noticed a death yak
  7689 | D:9      | Killed a death yak
  7689 | D:9      | Reached XP level 11. HP: 42/68 MP: 11/11
  7701 | D:9      | Killed a death yak
  7709 | D:9      | Killed a death yak
  7884 | D:9      | Noticed a two-headed ogre
  7897 | D:9      | Killed a two-headed ogre
  8405 | D:10     | Entered Level 10 of the Dungeon
  8414 | D:10     | Noticed Josephine
  8423 | D:10     | Killed Josephine
  8423 | D:10     | Reached skill level 5 in Bows
  9109 | D:10     | Noticed Maurice
  9116 | D:10     | Killed Maurice
  9308 | D:10     | Reached XP level 12. HP: 75/75 MP: 12/12
  9322 | D:10     | Received a gift from Trog
  9403 | D:10     | Reached skill level 10 in Axes
  9466 | D:10     | Found a staircase to the Orcish Mines.
  9569 | D:10     | Noticed kae's ghost (journeyman MiFi)
  9587 | D:10     | Killed kae's ghost
  9667 | D:10     | Found a portal to a secret trove of treasure.
  9754 | Lair:1   | Entered Level 1 of the Lair of Beasts
  9819 | Lair:1   | Noticed Gastronok
  9829 | Lair:1   | Received a gift from Trog
  9832 | Lair:1   | Killed Gastronok
 10295 | Lair:1   | Noticed Joseph
 10307 | Lair:1   | Killed Joseph
 10589 | Lair:2   | Found a staircase to the Shoals.
 10589 | Lair:2   | Noticed a catoblepas
 10614 | Lair:2   | Killed a catoblepas
 10614 | Lair:2   | Reached skill level 10 in Shields
 10700 | Lair:2   | Noticed a four-headed hydra
 10718 | Lair:2   | Killed a 15-headed hydra
 11121 | Lair:2   | Reached XP level 13. HP: 79/80 MP: 13/13
 12628 | Lair:4   | Found a dark tunnel.
 12663 | Lair:4   | Received a gift from Trog
 12682 | Volcano  | Entered a volcano
 12698 | Volcano  | Noticed a red draconian
 12714 | Volcano  | Killed a red draconian
 12818 | Volcano  | Noticed an ogre mage
 12829 | Volcano  | Reached skill level 10 in Fighting
 12832 | Volcano  | Killed an ogre mage
 13111 | Lair:4   | Noticed kroki's ghost (journeyman DrBe)
 13139 | Lair:4   | HP: 2/123 [kroki's ghost (21)]
 13141 | Lair:4   | Demolished by kroki's ghost

Vault maps used:
D:1:      onia_arrival_mini_spirals
D:2:      lemuel_doored_altar
D:3:      tso_altar
D:4:      minmay_temple_entry_statues_pillars, first_bread
D:5:      lemuel_crystal_altar, minivault_23, sword_in_stone, uniq_grinder,
          uniq_menkaure
D:6:      serial_shops, shop
D:7:      trog_ov_bears_minmay
D:8:      gammafunk_temple_overflow_pools
D:9:      dpeg_lair_monsters, uniq_erolcha
D:10:     david_orc_4, trove_entry_hex_spiral, uniq_josephine, uniq_maurice
Lair:1:   minivault_19, serial_bayou_lake_a, uniq_gastronok, uniq_joseph
Lair:2:   minmay_shoals_entry_centaurs, grunt_megastairs_5
Lair:3:   st_stairs_3
Lair:4:   minmay_snake_entry_guardpost_medium, nicolae_volcano_entry_lava_flow
Volcano:  volcano_pools

Skill      XL: |  1  2  3  4  5  6  7  8  9 10 11 12 13 |
---------------+----------------------------------------+-----
Axes           | 3 4 5 6 7 8 9 10 11 | 11.5
Dodging        | 2 3 4 5 6 7 |  7.4
Fighting       | 4 5 6 7 8 9 10 | 10.0
Armour         | 3 4 5 6 7 8 9 |  9.9
Shields        | 1 4 7 8 10 11 | 11.1
Bows           | 2 4 5 6 7 |  7.1

Action                   |  1- 3 |  4- 6 |  7- 9 | 10-12 | 13-15 || total
-------------------------+-------+-------+-------+-------+-------++-------
Melee: Hand axe          |    69 |   196 |   267 |   559 |   137 ||  1228
       Broad axe         |       |       |       |       |    53 ||    53
Invok: Berserk           |     1 |     2 |     3 |     7 |     2 ||    15
       Burn Spellbooks   |       |       |       |     2 |     1 ||     3
       Trog's Hand       |       |       |       |     1 |       ||     1
       Brothers in Arms  |       |       |       |     1 |       ||     1
  Use: Scroll            |       |       |       |    10 |    10 ||    20
 Stab: Petrifying        |       |       |       |     1 |       ||     1
  Eat: Chunk             |     7 |    15 |    14 |    32 |     7 ||    75
Armor: Animal skin       |    25 |       |       |       |       ||    25
       Leather armour    |     2 |    74 |       |       |       ||    76
       Chain mail        |       |     3 |   152 |   242 |    49 ||   446
       Ring mail         |       |       |       |       |    11 ||    11
Dodge: Dodged            |    54 |   147 |    92 |   134 |    57 ||   484
Block: Shield            |       |       |    59 |   243 |    81 ||   383
